 Dungeon Crawl Stone Soup version 0.22-a0-877-g5c4e1af (webtiles) character file.

194 prawnwizard the Slasher (level 5, -10/41 HPs)
             Began as a Demonspawn Gladiator on July 29, 2018.
             Killed by divine providence
             ... invoked by an orc priest
              (11 damage)
             ... on level 3 of the Dungeon.
             The game lasted 00:04:03 (2674 turns).

prawnwizard the Slasher (Demonspawn Gladiator)      Turns: 2674, Time: 00:04:05

Health: -10/41     AC:  9    Str: 20    XL:     5   Next: 44%
Magic:  0/5        EV: 11    Int: 10    God:
Gold:   97         SH:  0    Dex: 14    Spells: 4/4 levels left

rFire    . . .     SeeInvis .   a - +0 long sword
rCold    . . .     Gourm    .   (no shield)
rNeg     . . .     Faith    .   j - +0 scale mail
rPois    .         Spirit   +   k - +1 hat
rElec    .         Reflect  .   i - +0 cloak
rCorr    .         Harm     .   (no gloves)
MR       .....                  p - +0 pair of boots
Stlth    ..........             g - amulet of guardian spirit
HPRegen  0.13/turn              (no ring)
MPRegen  0.09/turn              (no ring)

@: mighty, slowed, very slow
A: claws 2, powered by death 1, powered by pain 1
a: no special abilities


You were on level 3 of the Dungeon.
You were not hungry.

You visited 1 branch of the dungeon, and saw 3 of its levels.

You collected 97 gold pieces.

Inventory:

Hand Weapons
 a - a +0 long sword (weapon)
Missiles
 d - 3 throwing nets (quivered)
Armour
 b - a +0 leather armour
 c - a +0 helmet
 i - a +0 cloak (worn)
 j - a +0 scale mail (worn)
 k - a +1 hat (worn)
 p - a +0 pair of boots (worn)
Jewellery
 g - an amulet of guardian spirit (around neck)
Scrolls
 h - a scroll of fog {unknown}
 o - 2 scrolls of identify {unknown}
 q - a scroll of enchant armour {unknown}
Potions
 e - a potion of haste {unknown}
 m - a potion of heal wounds {unknown}
 n - 2 potions of curing {unknown}
 r - a potion of agility {unknown}
Comestibles
 f - 7 rations


   Skills:
 + Level 3.3 Fighting
 * Level 4.4 Long Blades
 - Level 1.7 Throwing
 + Level 3.6 Dodging


You had 4 spell levels left.
You didn't know any spells.
Your spell library was empty.

Dungeon Overview and Level Annotations

Branches:
Dungeon (3/15)

Altars:
Qazlal
The Shining One


Innate Abilities, Weirdness & Mutations

You have very sharp fingernails.
You regenerate a little health from kills.
You sometimes gain a little power by taking damage.


Message History

The magic dart hits you!
* * * LOW HITPOINT WARNING * * *
You closely miss the orc wizard.
The orc wizard is almost dead.
The orc wizard hits you but does no damage.
The orc wizard barely misses you.
You riposte.
You hit the orc wizard.
You kill the orc wizard!
The orc priest misses you.
You hit the orc priest.
The orc priest is moderately wounded.
The orc priest mumbles some strange prayers to Beogh against you.
Pain shoots through your body!
* * * LOW HITPOINT WARNING * * *
You slash the orc priest!
The orc priest is almost dead.
The orc priest invokes the aid of Beogh against you.
You barely resist.
The orc priest mumbles some strange prayers to Beogh against you.
Beogh smites you!
You die...

#..###.# #. #..#...#
#.# #####..#.###
#.###.##≈≈.≈≈...###
#.##...≈≈≈≈≈≈≈.....
##....≈≈≈#≈≈≈≈≈≈≈##.
#....≈≈≈≈≈≈≈≈#≈≈≈≈..
#..).≈≈≈≈≈#≈≈≈#≈≈≈.#
#..@≈≈≈≈#≈≈#≈≈≈≈≈≈≈#
#.g≈o≈≈≈≈≈≈≈≈≈≈≈≈≈≈#
#..≈≈≈≈.≈≈!.8≈≈(.≈≈≈
##..≈≈.$...<.....≈≈.
#####≈#≈..%#$.$≈≈≈8≈≈≈
.....≈≈≈≈≈≈≈≈≈≈≈≈.≈≈≈≈
####.≈≈≈≈≈≈≈≈≈≈≈#≈≈≈)
#..≈≈≈≈≈≈≈≈#≈≈≈#..
#..#≈≈≈≈≈≈≈≈≈≈#≈≈..


You could see an orc priest and a goblin.

Vanquished Creatures
  A hound (D:2)
  An orc wizard (D:3)
  A worker ant (D:2)
  3 adders
  12 dart slugs
  3 leopard geckos
  2 orcs
  A giant cockroach (D:3)
  5 goblins
  4 hobgoblins
  2 jackals (D:1)
  9 kobolds
  6 bats
  7 frilled lizards
  5 rats
62 creatures vanquished.

Notes
Turn   | Place    | Note
-------+----------+-------------------------------------------
     0 | D:1      | prawnwizard the Demonspawn Gladiator began the quest for the Orb.
     0 | D:1      | Reached XP level 1. HP: 16/16 MP: 1/1
   114 | D:1      | Reached skill level 3 in Long Blades
   114 | D:1      | Gained mutation: You have sharp fingernails. [demonic ancestry]
   114 | D:1      | Reached XP level 2. HP: 22/22 MP: 2/2
  1084 | D:2      | Gained mutation: You sometimes gain a little power by taking damage. [demonic ancestry]
  1084 | D:2      | Reached XP level 3. HP: 16/28 MP: 0/3
  1380 | D:2      | Found a stormy altar of Qazlal.
  1420 | D:2      | Gained mutation: You have very sharp fingernails. [demonic ancestry]
  1420 | D:2      | Reached XP level 4. HP: 28/34 MP: 4/4
  1524 | D:2      | Reached skill level 4 in Long Blades
  2024 | D:2      | Found a glowing golden altar of the Shining One.
  2332 | D:3      | Gained mutation: You regenerate a little health from kills. [demonic ancestry]
  2332 | D:3      | Reached XP level 5. HP: 34/41 MP: 5/5
  2671 | D:3      | HP: 1/41 [orc wizard/magic dart (4)]
  2674 | D:3      | Killed from afar by an orc priest

Vault maps used:
D:1:      dpeg_arrival_stone_temple_mockup
D:2:      grunt_qazlal_sundering, old_standard_altar, first_ration,
          minmay_cut_off
D:3:      kennysheep_slugbush, fedhas_altar_4

Skill      XL: |  1  2  3  4 |
---------------+-------------+-----
Long Blades    | 3 4 |  4.4
Dodging        | 3 |  3.6
Fighting       | 3 |  3.3
Throwing       | |  1.7

Action                   |  1- 3 |  4- 6 || total
-------------------------+-------+-------++-------
Melee: Long sword        |    94 |   131 ||   225
  Eat: Chunk             |     2 |     4 ||     6
Armor: Leather armour    |    28 |       ||    28
       Scale mail        |    11 |    70 ||    81
Dodge: Dodged            |    87 |    98 ||   185
       Rpst.: Long sword |    30 |    32 ||    62

Table legend:
 A = Spawn XP
 B = Non-spawn XP
 C = Spawn XP percentage of total XP
 D = Spawn monster count
 E = Non-spawn monster count
 F = Spawn count percentage of total count
 G = Total turns spent on level
                    A         B        C        D         E        F      G
               +---------+---------+-------+---------+---------+-------+---------
         Total |       0 |     278 |   0.0 |       0 |      62 |   0.0 |  2674
               +---------+---------+-------+---------+---------+-------+---------
           D:1 |       0 |      35 |   0.0 |       0 |      21 |   0.0 |  1046
           D:2 |       0 |     132 |   0.0 |       0 |      21 |   0.0 |  1193
           D:3 |       0 |     111 |   0.0 |       0 |      20 |   0.0 |   435
               +---------+---------+-------+---------+---------+-------+---------
